Map: Blackburn LE

Players

HeroMarine - Winner!

  • Race: Terran Terran

Dark

  • Race: Zerg Zerg

Event: TSL 7

VOD

Have the link to the VOD?

Description

Time

  • Played on: June 20, 2021, 9:38 a.m.
  • Length: 14:46

All games in this series

Show
View Real Time Build Order
Export as new Build Order

HeroMarine Terran - Winner!

Build Orders: Reaper Expand, Hellion Banshee 

Get SALT Encoding   

  12  0:00  SCV  
  13  0:12  SCV  
  14  0:17  Supply Depot  
  14  0:24  SCV  
  15  0:39  SCV  
  15  0:40  Barracks  
  16  0:43  Refinery  
  16  0:51  SCV  
  17  1:03  SCV  
  18  1:15  SCV  
  19  1:27  Reaper  
  19  1:28  Orbital Command  
  20  1:41  Command Center  
  20  1:51  Supply Depot  
  20  1:53  SCV  
  21  1:59  Marine  
  22  2:05  SCV  
  23  2:09  Factory  
  23  2:17  SCV  
  23  2:20  Barracks Reactor  
  24  2:29  SCV  
  25  2:41  SCV  
  25  2:43  Command Center  
  26  2:53  SCV  
  26  2:54  Orbital Command  
  27  3:01  Starport  
  27  3:06  SCV  
  27  3:07  Refinery  
  27  3:12  Hellion  
  30  3:16  Hellion  
  30  3:18  SCV  
  33  3:20  SCV  
  33  3:22  Barracks Tech Lab  
  34  3:30  SCV  
  34  3:32  SCV  
  36  3:35  Hellion  
  36  3:37  Hellion  
  40  3:44  SCV x2  
  40  3:46  Viking  
  40  3:47  Marine  
  45  3:55  Orbital Command  
  45  3:56  Cloaking Field  
  45  3:58  SCV x2  
  47  4:03  Supply Depot  
  47  4:08  Hellion  
  47  4:09  Hellion  
  51  4:11  Barracks Tech Lab  
  51  4:16  Banshee  
  54  4:17  SCV  
  54  4:18  SCV  
  54  4:22  SCV  
  57  4:29  SCV  
  57  4:30  SCV  
  59  4:31  Marine  
  59  4:33  Supply Depot  
  59  4:37  Barracks  
  60  4:38  Factory Reactor  
  60  4:42  Barracks  
  60  4:45  SCV x3  
  63  4:47  Stimpack  
  63  4:49  Marine  
  63  4:53  Bunker  
  63  4:57  SCV x3  
  66  5:01  Banshee  
  69  5:07  Marine  
  69  5:09  SCV x3  
  69  5:12  Refinery x2  
  73  5:21  SCV x2  
  73  5:25  Marine  
  73  5:26  Factory Reactor  
  76  5:29  Orbital Command  
  76  5:30  Barracks  
  76  5:31  Barracks  
  76  5:33  SCV  
  77  5:37  Engineering Bay  
  77  5:38  Engineering Bay  
  77  5:42  Marine x4  
  77  5:43  SCV, Supply Depot  
  77  5:46  Supply Depot  
  77  5:49  SCV  
  83  5:55  SCV x2  
  85  6:04  Marine x3  
  85  6:05  SCV  
  85  6:06  Terran Infantry Armor Level 1, Terran Infantry Weapons Level 1, Supply Depot  
  85  6:07  SCV x2  
  85  6:08  Marine  
  90  6:17  SCV, Marine  
  92  6:19  SCV x2, Medivac x2  
  92  6:21  Barracks Tech Lab, Siege Tank  
  92  6:22  Barracks Tech Lab  
  101  6:26  Refinery  
  101  6:27  Supply Depot  
  101  6:30  SCV  
  101  6:31  SCV  
  103  6:33  SCV  
  103  6:34  Supply Depot  
  103  6:38  Marauder  
  106  6:43  Marauder, Marine  
  109  6:47  Marine x3  
  109  6:49  Marauder  
  109  6:52  Combat Shield  
  109  6:53  Supply Depot x2  
  111  6:58  Siege Tank  
  111  6:59  Marauder  
  111  7:01  Marine  
  108  7:02  Bunker  
  108  7:04  Marauder  
  108  7:05  Marine  
  108  7:06  Medivac  
  108  7:07  Medivac  
  108  7:08  Marine x2  
  114  7:11  SCV x3  
  114  7:12  Refinery, Marauder  
  121  7:20  Marine  
  121  7:21  Marauder  
  124  7:23  Marine  
  124  7:24  Bunker  
  124  7:25  Marine  
  124  7:27  Concussive Shells  
  126  7:30  Siege Tank  
  126  7:33  Marauder  
  126  7:34  Marine x2  
  126  7:35  Armory  
  133  7:40  Marine  
  133  7:41  Marine  
  133  7:42  Marauder  
  133  7:43  Medivac  
  133  7:44  Marauder  
  141  7:48  Medivac  
  143  7:52  Marine x2  
  143  7:55  Marauder, Supply Depot  
  143  7:56  Supply Depot  
  147  8:00  Marine x2  
  147  8:03  Supply Depot  
  149  8:11  Marine x2  
  149  8:13  Marine  
  149  8:17  Marauder x2  
  149  8:18  Marine x2  
  133  8:23  Medivac x2  
  124  8:29  Marine  
  124  8:30  Marauder  
  124  8:31  Marine  
  124  8:32  Terran Infantry Weapons Level 2  
  125  8:34  Terran Vehicle Weapons Level 1  
  125  8:36  Marine x2  
  125  8:38  Marauder x2  
  125  8:40  Siege Tank  
  134  8:47  Marine  
  134  8:48  Marine, Command Center  
  135  8:51  Marauder  
  135  8:53  Marine  
  135  8:54  Marine  
  138  8:59  Marauder x2  
  138  9:00  Factory  
  138  9:05  Marine  
  138  9:06  Marine  
  137  9:11  Marine x2  
  137  9:12  Medivac x2, Siege Tank  
  137  9:13  Marauder  
  148  9:20  Marine  
  148  9:21  Marauder  
  148  9:23  Marine  
  152  9:24  Terran Infantry Armor Level 2, Marine  
  152  9:30  Marine x2  
  155  9:31  Supply Depot  
  155  9:34  Marauder  
  157  9:39  Marauder  
  157  9:41  Marine  
  157  9:42  Marauder, Marine  
  157  9:44  Siege Tank  
  166  9:47  Bunker  
  166  9:48  Marine x2, Missile Turret  
  166  9:49  Missile Turret  
  168  9:54  Factory Tech Lab  
  168  9:55  Marauder  
  168  9:57  Medivac  
  168  9:58  Marine  
  173  10:00  Marauder, Marine  
  173  10:03  Marauder  
  173  10:04  Medivac  
  173  10:06  Marine x2  
  180  10:15  Siege Tank  
  180  10:16  Marine, Siege Tank  
  180  10:17  Marauder, Marine  
  180  10:18  SCV x3  
  188  10:21  Marauder  
  188  10:23  Marine  
  188  10:24  Marine  
  188  10:27  Medivac  
  194  10:30  SCV  
  194  10:33  SCV  
  196  10:36  Barracks x2  
  196  10:40  SCV, Planetary Fortress  
  196  10:42  Refinery  
  199  10:43  Marauder  
  199  10:44  Marine  
  199  10:47  Siege Tank  
  199  10:48  Refinery  
  199  10:53  Sensor Tower  
  199  11:01  Missile Turret  
  199  11:05  Terran Infantry Weapons Level 3  
  199  11:07  Terran Vehicle Weapons Level 2  
  197  11:14  Command Center  
  197  11:15  Command Center  
  194  11:20  Marauder  
  194  11:29  Sensor Tower  
  181  11:41  Marauder x2, Marine x3  
  181  11:42  Medivac x2, Siege Tank x2  
  181  11:43  Marauder  
  198  11:48  Marine  
  198  11:53  Terran Infantry Armor Level 3  
  199  11:56  Barracks Reactor x2  
  199  11:59  Marine  
  195  12:02  Marauder  
  195  12:03  Marauder  
  195  12:07  Marauder  
  185  12:14  Siege Tank  
  185  12:15  Siege Tank  
  190  12:22  Marine x2  
  190  12:24  Marauder x2  
  190  12:29  Marauder  
  190  12:30  Liberator  
  190  12:31  Marine x2  
  190  12:35  SCV x2  
  190  12:36  SCV x3  
  186  12:39  Marine  
  186  12:41  SCV  
  182  12:46  Siege Tank  
  182  12:47  SCV x2, Missile Turret, Siege Tank  
  182  12:48  SCV  
  182  12:50  SCV  
  182  12:51  SCV  
  193  12:53  SCV  
  193  12:54  Marine x2  
  174  12:59  SCV  
  174  13:00  Marauder  
  174  13:02  SCV x2  
  174  13:03  SCV  
  177  13:08  Orbital Command  
  177  13:17  Liberator  
  177  13:18  Siege Tank  
  177  13:19  Siege Tank  
  186  13:21  Liberator  
  186  13:38  Marauder  
  186  13:39  Marauder, Marine x3  
  191  13:41  Marauder  
  193  13:51  Marine x5  
  198  13:57  Marine x2  
  198  13:59  Marine x2  
  198  14:00  Liberator  
  198  14:01  Marine  
  198  14:02  Marine  
  198  14:09  Marine x5  
  198  14:15  Marine x2  
  199  14:17  Marine  
  200  14:26  Marine  
Show
View Real Time Build Order
Export as new Build Order

Dark Zerg 

Build Orders: Hatch First, Lurkers 

Get SALT Encoding   

  12  0:00  Drone  
  13  0:12  Overlord  
  13  0:17  Drone  
  14  0:31  Drone x2  
  16  0:48  Hatchery  
  15  0:52  Drone  
  15  0:55  Drone  
  17  0:58  Drone  
  18  1:09  Extractor  
  17  1:14  Spawning Pool  
  17  1:17  Drone  
  17  1:20  Drone  
  18  1:28  Drone  
  20  1:40  Drone  
  20  1:52  Drone  
  21  2:01  Queen x2  
  21  2:02  Zergling x4  
  27  2:11  Zergling x2  
  27  2:12  Overlord  
  28  2:23  Hatchery  
  28  2:27  Drone  
  28  2:31  Drone  
  28  2:34  Drone x2  
  31  2:43  Queen  
  33  2:48  Overlord  
  33  2:50  Drone  
  34  2:54  Drone  
  34  2:55  Drone  
  36  3:07  Overlord  
  36  3:10  Drone  
  36  3:11  Drone x3  
  36  3:12  Drone  
  41  3:14  Drone  
  41  3:15  Drone  
  43  3:25  Roach Warren  
  42  3:28  Drone x3  
  45  3:37  Extractor, Queen  
  45  3:39  Overlord  
  45  3:40  Drone  
  47  3:47  Queen  
  49  3:51  Drone x3  
  49  3:53  Drone  
  53  3:59  Drone, Overlord  
  53  4:00  Drone  
  55  4:05  Roach x2  
  55  4:08  Roach  
  61  4:10  Roach  
  63  4:18  Drone x2  
  63  4:19  Drone x2  
  63  4:24  Drone x3, Overlord  
  67  4:28  Lair  
  67  4:30  Drone  
  71  4:34  Drone x2  
  71  4:35  Drone  
  74  4:42  Overlord  
  74  4:45  Spore Crawler  
  73  4:47  Drone x4  
  73  4:49  Drone x2  
  73  4:50  Extractor  
  73  4:51  Extractor  
  78  4:52  Drone  
  78  4:53  Drone x2  
  78  4:55  Ravager  
  78  4:56  Drone  
  82  5:00  Overlord x2  
  82  5:12  Extractor x2  
  82  5:14  Roach x2  
  82  5:18  Roach x2  
  82  5:19  Roach x2  
  82  5:20  Drone x2  
  88  5:22  Drone x2  
  88  5:25  Drone x2, Evolution Chamber  
  88  5:27  Evolution Chamber  
  90  5:29  Drone  
  90  5:31  Overseer  
  91  5:36  Drone x2  
  91  5:38  Drone x3  
  91  5:39  Drone  
  97  5:44  Spore Crawler  
  97  5:48  Drone x3  
  96  5:53  Zerg Missile Weapons Level 1, Zerg Ground Armor Level 1  
  96  5:55  Drone x2  
  98  5:59  Overlord  
  98  6:01  Overlord x2  
  98  6:08  Glial Reconstitution  
  98  6:11  Overlord  
  98  6:14  Hatchery  
  98  6:18  Overlord x2  
  97  6:19  Roach  
  97  6:20  Roach x3  
  97  6:23  Roach x2  
  109  6:26  Roach x2  
  109  6:32  Roach x2  
  119  6:33  Roach  
  119  6:34  Roach  
  119  6:35  Roach  
  119  6:36  Overlord  
  120  6:50  Drone  
  120  6:51  Roach  
  123  6:56  Spine Crawler  
  123  7:02  Overlord  
  123  7:03  Roach x3  
  123  7:04  Roach x3  
  123  7:05  Roach x3  
  141  7:16  Overlord x5  
  141  7:18  Roach x2  
  141  7:22  Roach x3  
  151  7:29  Roach x5  
  161  7:30  Roach  
  161  7:32  Spore Crawler  
  161  7:34  Roach x2  
  166  7:43  Ravager x4  
  166  7:44  Ravager x6  
  176  7:47  Roach x4  
  184  7:52  Roach  
  184  7:53  Roach x3  
  184  7:54  Roach  
  184  7:56  Roach  
  184  7:57  Roach  
  198  7:59  Roach  
  198  8:02  Zerg Missile Weapons Level 2  
  188  8:16  Roach x8  
  162  8:24  Roach x3  
  140  8:28  Roach x2  
  140  8:33  Roach x6  
  144  8:38  Metabolic Boost  
  144  8:40  Ravager x4  
  148  8:42  Roach  
  148  8:44  Overseer  
  150  8:49  Extractor, Roach x2  
  150  8:50  Extractor  
  148  8:57  Drone x10  
  148  8:59  Roach  
  148  9:02  Roach x2  
  162  9:05  Zerg Ground Armor Level 2  
  162  9:20  Hatchery  
  158  9:28  Drone x4  
  158  9:31  Ravager x6  
  167  9:34  Roach x4  
  175  9:38  Zergling x10  
  175  9:39  Zergling x2  
  181  9:47  Infestation Pit  
  181  9:51  Zergling x20  
  186  10:09  Roach x2  
  186  10:10  Roach x2  
  185  10:23  Hive  
  185  10:25  Tunneling Claws, Burrow  
  185  10:26  Hydralisk Den  
  184  10:32  Ravager x7  
  184  10:33  Zergling x10  
  184  10:34  Zergling x6  
  199  10:36  Zerg Melee Weapons Level 1  
  193  10:58  Grooved Spines  
  193  10:59  Lurker Den  
  186  11:07  Roach x8  
  192  11:22  Zergling x12  
  198  11:32  Spore Crawler  
  197  11:33  Spore Crawler  
  197  11:37  Roach x11  
  197  11:38  Roach x6  
  199  11:40  Ravager  
  199  11:42  Zerg Missile Weapons Level 3  
  199  11:48  Overlord x3  
  189  12:05  Roach x8  
  189  12:07  Ravager x2  
  189  12:08  Ravager  
  200  12:09  Muscular Augments  
  200  12:10  Roach x3  
  200  12:11  Roach x2  
  200  12:12  Roach x3  
  200  12:13  Roach x4  
  198  12:20  Zergling x16  
  200  12:23  Adaptive Talons  
  187  12:35  Zergling x30  
  185  12:48  Drone x4  
  185  12:50  Zergling x4  
  187  12:55  Roach x7  
  168  13:00  Roach x7  
  168  13:03  Extractor  
  174  13:07  Hydralisk x4  
  174  13:08  Extractor  
  181  13:13  Zergling x6  
  184  13:20  Seismic Spines  
  176  13:31  Roach x9  
  183  13:39  Roach x2  
  183  13:41  Lurker x3  
  190  13:43  Zergling x4  
  189  13:52  Zergling x2  
  169  14:04  Hydralisk x2  
  169  14:05  Lurker  
  138  14:14  Hydralisk x3  
  138  14:16  Zergling x8  
Tags
 
Add a new tag
Caveats
  • Supply blocks, unpowered buildings, or Contaminate may cause inaccurate times.
  • Supply counts are checked every 10 seconds.